 Dungeon Crawl Stone Soup version 0.21.1-1-g345015f (webtiles) character file.

4541 tidbits the Martial Artist (level 10, 0/68 HPs)
             Began as a Gnoll Transmuter on Mar 21, 2018.
             Was a Believer of Cheibriados.
             Slain by a porcupine (2 damage)
             ... on level 10 of the Dungeon.
             The game lasted 00:31:51 (2440 turns).

tidbits the Martial Artist (Gnoll Transmuter)       Turns: 2440, Time: 00:31:52

Health: 0/68       AC:  8    Str: 18    XL:     10   Next: 40%
Magic:  25/29      EV:  2    Int: 22    God:    Cheibriados [**....]
Gold:   318        SH:  0    Dex: 19    Spells: 12/23 levels left

rFire    . . .     SeeInvis .   g - +1 dagger
rCold    . . .     Gourm    .   D - +0 buckler
rNeg     + + +     Faith    .   B - +0 troll leather armour
rPois    ∞         Spirit   .   (no helmet)
rElec    .         Reflect  .   C - +2 cloak
rCorr    .         Harm     .   (no gloves)
MR       +....                  (no boots)
Stlth    +++.......             R - amulet of regeneration
HPRegen  1.01/turn              S - +4 ring of evasion
MPRegen  0.21/turn              x - ring of magical power

@: petrified, very slow
A: distributed training, fangs 1, blurry vision 1, frail 1, magic resistance 1,
poison resistance, strong nose
a: Bend Time, Renounce Religion


You were on level 10 of the Dungeon.
You worshipped Cheibriados.
Cheibriados was pleased with you.
You were not hungry.

You visited 2 branches of the dungeon, and saw 12 of its levels.

You collected 514 gold pieces.
You spent 196 gold pieces at shops.

Inventory:

Hand Weapons
 f - a +2 dagger of venom
   (You took it off an orc on level 6 of the Dungeon)
 g - a +1 dagger (weapon)
 j - a +0 war axe
Missiles
 a - 35 arrows
 e - 48 stones
 n - 2 throwing nets {!f}
 p - 5 tomahawks
 y - 8 curare-tipped needles
 P - 7 javelins (quivered)
Armour
 l - a +0 ring mail
 B - a +0 troll leather armour (worn)
 C - a +2 cloak (worn)
 D - a +0 buckler (worn)
 L - a +0 robe
Jewellery
 x - a ring of magical power (right hand)
   (You found it on level 7 of the Dungeon)
 z - an uncursed ring of fire
   (You found it on level 7 of the Dungeon)
 E - an uncursed amulet of the gourmand
   (You found it on level 6 of the Dungeon)
 O - an uncursed amulet of regeneration
   (You found it on level 8 of the Dungeon)
 R - an amulet of regeneration (around neck)
   (You found it on level 8 of the Dungeon)
 S - a +4 ring of evasion (left hand)
   (You took it off an orc priest on level 9 of the Dungeon)
 V - a +2 ring of strength
   (You found it on level 4 of the Dungeon)
Wands
 v - a wand of flame (1)
 w - a wand of acid (15)
 H - a wand of iceblast (10)
 K - a wand of polymorph (13)
 Q - a wand of enslavement (14)
Scrolls
 i - a scroll of enchant weapon
 k - a scroll of blinking
 r - 3 scrolls of remove curse
 s - a scroll of amnesia {unknown}
 t - 3 scrolls of teleportation
 A - a scroll of fog
 J - a scroll of random uselessness
 M - a scroll of magic mapping
Potions
 b - 2 potions of degeneration {unknown}
 o - a potion of heal wounds
 q - a potion of invisibility {unknown}
 u - a potion of ambrosia {unknown}
 F - 2 potions of haste {unknown}
 G - a potion of cancellation {unknown}
 I - a potion of might {unknown}
 N - a potion of resistance {unknown}
Books
 d - a book of Changes

   Spells                             Type                      Level
   a - Beastly Appendage              Transmutation                1
   b - Sticks to Snakes               Transmutation                2
   c - Spider Form                    Transmutation/Poison         3
   d - Ice Form                       Ice/Transmutation            4
   e - Blade Hands                    Transmutation                5
 h - a book of Cantrips
   (You found it on level 4 of the Dungeon)

   Spells                             Type                      Level
   a - Confusing Touch                Hexes                        1
   b - Animate Skeleton               Necromancy                   1
   c - Summon Small Mammal            Summoning                    1
   d - Apportation                    Translocation                1
 m - a book of Flames
   (You found it on level 4 of the Dungeon)

   Spells                             Type                      Level
   a - Flame Tongue                   Conjuration/Fire             1
   b - Throw Flame                    Conjuration/Fire             2
   c - Conjure Flame                  Conjuration/Fire             3
   d - Inner Flame                    Hexes/Fire                   3
   e - Sticky Flame                   Conjuration/Fire             4
   f - Fireball                       Conjuration/Fire             5
Comestibles
 c - 3 rations


   Skills:
 + Level 5.8 Fighting
 + Level 5.1 Short Blades
 + Level 5.1 Long Blades
 + Level 5.1 Axes
 + Level 5.1 Maces & Flails
 + Level 5.1 Polearms
 + Level 5.1 Staves
 + Level 5.1 Slings
 + Level 5.1 Bows
 + Level 5.1 Crossbows
 + Level 5.1 Throwing
 + Level 5.1 Armour
 + Level 7.0 Dodging
 + Level 5.1 Stealth
 + Level 5.1 Shields
 + Level 8.4 Unarmed Combat
 + Level 7.2 Spellcasting
 + Level 4.2 Conjurations
 + Level 4.2 Hexes
 + Level 4.2 Charms
 + Level 4.2 Summonings
 + Level 4.2 Necromancy
 + Level 4.2 Translocations
 + Level 5.8 Transmutations
 + Level 4.2 Fire Magic
 + Level 4.2 Ice Magic
 + Level 4.2 Air Magic
 + Level 4.2 Earth Magic
 + Level 4.2 Poison Magic
 + Level 5.6 Invocations
 + Level 5.1 Evocations


You had 12 spell levels left.
You knew the following spells:

 Your Spells              Type           Power        Failure   Level  Hunger
e - Beastly Appendage     Tmut           ####..       1%          1    None
i - Ice Form              Ice/Tmut       ####....     12%         4    ###....
k - Sticks to Snakes      Tmut           ####....     1%          2    None
p - Spider Form           Tmut/Pois      ####......   3%          3    None
A - Apportation           Tloc           ####..       1%          1    None


Dungeon Overview and Level Annotations

Branches:
Dungeon (11/15)            Temple (1/1) D:5             Orc (0/2) D:9
   Lair: D:8-11

Altars:
Ashenzari
Cheibriados
Dithmenos
Elyvilon
Fedhas
Gozag
Hepliaklqana
Okawaru
Ru
Wu Jian
Yredelemnul
Zin
The Shining One

Shops:
D:5 }   D:10 =

Annotations:
D:6 exclusion: troll
D:8 toffzen's ghost, novice TrTm


Innate Abilities, Weirdness & Mutations

Your experience applies equally to all skills.
You have very sharp teeth.
Your uncanny sense of smell can sniff out nearby items.
Scrolls take you a little longer to read.
You are frail. (-10% HP)
You are resistant to hostile enchantments. (MR+)
Your system is resistant to poisons. (rPois)


Message History

The basilisk dies!
Cheibriados thoroughly appreciates the change of pace.
Your adder looks stronger.
The porcupine bites your ball python.
Your ball python closely misses the porcupine.
Your adder is struck by the porcupine's spines.
Your adder bites the porcupine.
The porcupine bites you. The porcupine misses your ball python.
Your ball python bites the porcupine but does no damage.
The basilisk gazes at you.
Your adder is struck by the porcupine's spines.
Your adder dies!
You turn to ice and can move again.
A porcupine comes into view.
You punch the basilisk!
The basilisk seems to slow down.
You freeze the basilisk.
The basilisk is heavily wounded.
The porcupine moves out of view.
The porcupine bites you!
The porcupine twitches its whiskers.
The porcupine bites your ball python!
Your ball python dies!
You closely miss the basilisk.
The basilisk is heavily wounded.
The porcupine misses you. The basilisk gazes at you.
You are slowing down.
Okay, then.
Unknown command.
Unknown command.
Unknown command.
Okay, then.
Unknown command.
Unknown command.
Evoke which item? (* to show all) (? for menu, Esc to quit)
You have no means to grasp a wand firmly enough.
Unknown command.
Unknown command.
Unknown command.
Okay, then.
Really read with blurry vision while enemies are nearby?
The porcupine bites you! The porcupine bites you.
You begin reading the scroll.
You continue reading the scroll.
The porcupine barely misses you. The porcupine bites you.
The basilisk gazes at you. You resist with almost no effort.
The porcupine bites you! The porcupine completely misses you.
You have turned to stone.
The basilisk bites you. The porcupine bites you!
* * * LOW HITPOINT WARNING * * *
The porcupine bites you.
The basilisk is no longer moving slowly.
The porcupine bites you.
* * * LOW HITPOINT WARNING * * *
The porcupine bites you!
* * * LOW HITPOINT WARNING * * *
The basilisk gazes at you. You resist with almost no effort.
The porcupine bites you.
* * * LOW HITPOINT WARNING * * *
The porcupine bites you.
* * * LOW HITPOINT WARNING * * *
The basilisk bites you.
* * * LOW HITPOINT WARNING * * *
The porcupine bites you but does no damage.
You warm up again.
Your +1 dagger unmelds from your body.
Your +2 cloak unmelds from your body.
Your +0 buckler unmelds from your body.
Your +0 troll leather armour unmelds from your body.
The porcupine bites you but does no damage.
The basilisk gazes at you. You resist with almost no effort.
The porcupine bites you.
* * * LOW HITPOINT WARNING * * *
The porcupine bites you.
* * * LOW HITPOINT WARNING * * *
The porcupine bites you.
* * * LOW HITPOINT WARNING * * *
The basilisk bites you.
* * * LOW HITPOINT WARNING * * *
The porcupine bites you!
* * * LOW HITPOINT WARNING * * *
The porcupine bites you but does no damage.
The basilisk hisses menacingly.
The basilisk bites you!
* * * LOW HITPOINT WARNING * * *
The porcupine bites you. The porcupine bites you!
* * * LOW HITPOINT WARNING * * *
The porcupine bites you!
* * * LOW HITPOINT WARNING * * *
The basilisk bites you.
* * * LOW HITPOINT WARNING * * *
The porcupine bites you. x2
* * * LOW HITPOINT WARNING * * *
The basilisk gazes at you. You resist with almost no effort.
The porcupine bites you but does no damage.
The porcupine bites you but does no damage.
The basilisk bites you.
* * * LOW HITPOINT WARNING * * *
The porcupine bites you.
You die...

... ....∆
.....################
.....rl@............
......rr............
.................#
.................#
.................#
.P...............#
.................#######
..............%<........
...................∩...


You could see a basilisk and 3 porcupines.

Vanquished Creatures
  A centaur zombie (D:10)
  2 kobold demonologists (D:7)
  5 yaks (D:10)
  Eustachio (D:6)
  3 hungry ghosts (D:9)
  A porcupine (D:10)
  A sky beast (D:9)
  A hornet zombie (D:9)
  2 phantoms
  A centaur (D:9)
  2 ogres
  A big kobold (D:7)
  4 bullfrogs
  A wyvern zombie (D:8)
  5 scorpions
  5 killer bees (D:9)
  2 crimson imps
  A howler monkey (D:9)
  4 orc priests
  6 hounds
  An orc wizard (D:5)
  An iguana (D:5)
  2 worker ants
  4 ogre zombies (D:9)
  A hound zombie (D:10)
  A worker ant zombie (D:7)
  3 gnolls (D:7)
  9 adders
  8 shadow imps
  An ooze (D:4)
  An adder skeleton (D:6)
  2 worms (D:4)
  A dart slug (D:1)
  2 leopard geckos
  9 orcs
  2 giant cockroaches
  4 goblins
  2 hobgoblins
  4 kobolds
  2 quokkas
  2 bats
  4 frilled lizards
  A goblin skeleton (D:9)
  A goblin zombie (D:9)
  2 hobgoblin skeletons (D:9)
  2 hobgoblin zombies (D:9)
  A leopard gecko skeleton (D:5)
  2 orc skeletons (D:9)
  8 orc zombies (D:9)
  2 rats (D:3)
134 creatures vanquished.

Vanquished Creatures (collateral kills)
  A basilisk (D:10)
  A hound (D:5)
  A worm (D:2)
  2 orcs
  A frilled lizard (D:5)
  A kobold (D:2)
7 creatures vanquished.

Vanquished Creatures (others)
  5 plants (D:10)
5 creatures vanquished.

Grand Total: 146 creatures vanquished

Notes
Turn   | Place    | Note
-------+----------+-------------------------------------------
     0 | D:1      | tidbits the Gnoll Transmuter began the quest for the Orb.
     0 | D:1      | Reached XP level 1. HP: 17/17 MP: 6/6
   116 | D:1      | Reached XP level 2. HP: 18/23 MP: 5/7
   120 | D:1      | Learned a level 2 spell: Sticks to Snakes
   283 | D:4      | Reached skill level 5 in Spellcasting
   283 | D:4      | Reached skill level 1 in Invocations
   283 | D:4      | Reached XP level 3. HP: 13/28 MP: 4/9
   287 | D:4      | Reached skill level 1 in Short Blades
   287 | D:4      | Reached skill level 1 in Long Blades
   287 | D:4      | Reached skill level 1 in Axes
   287 | D:4      | Reached skill level 1 in Maces & Flails
   287 | D:4      | Reached skill level 1 in Polearms
   287 | D:4      | Reached skill level 1 in Staves
   287 | D:4      | Reached skill level 1 in Slings
   287 | D:4      | Reached skill level 1 in Bows
   287 | D:4      | Reached skill level 1 in Crossbows
   287 | D:4      | Reached skill level 1 in Throwing
   287 | D:4      | Reached skill level 1 in Armour
   287 | D:4      | Reached skill level 1 in Stealth
   287 | D:4      | Reached skill level 1 in Shields
   287 | D:4      | Reached skill level 1 in Evocations
   293 | D:4      | Reached XP level 4. HP: 16/34 MP: 6/11
   309 | D:4      | Learned a level 3 spell: Spider Form
   314 | D:4      | Learned a level 4 spell: Ice Form
   375 | D:3      | Reached skill level 1 in Conjurations
   375 | D:3      | Reached skill level 1 in Hexes
   375 | D:3      | Reached skill level 1 in Charms
   375 | D:3      | Reached skill level 1 in Summonings
   375 | D:3      | Reached skill level 1 in Necromancy
   375 | D:3      | Reached skill level 1 in Translocations
   375 | D:3      | Reached skill level 1 in Fire Magic
   375 | D:3      | Reached skill level 1 in Ice Magic
   375 | D:3      | Reached skill level 1 in Air Magic
   375 | D:3      | Reached skill level 1 in Earth Magic
   375 | D:3      | Reached skill level 1 in Poison Magic
   521 | D:4      | Reached XP level 5. HP: 40/40 MP: 8/12
   532 | D:4      | Noticed a phantom
   547 | D:5      | Entered Level 5 of the Dungeon
   561 | D:5      | Noticed an ogre
   569 | D:5      | Killed an ogre
   569 | D:5      | Reached skill level 3 in Fighting
   569 | D:5      | Reached skill level 4 in Transmutations
   588 | D:5      | Reached XP level 6. HP: 25/47 MP: 2/13
   619 | D:5      | Reached skill level 2 in Invocations
   645 | D:6      | Noticed a troll
   674 | D:5      | Reached skill level 2 in Short Blades
   674 | D:5      | Reached skill level 2 in Long Blades
   674 | D:5      | Reached skill level 2 in Axes
   674 | D:5      | Reached skill level 2 in Maces & Flails
   674 | D:5      | Reached skill level 2 in Polearms
   674 | D:5      | Reached skill level 2 in Staves
   674 | D:5      | Reached skill level 2 in Slings
   674 | D:5      | Reached skill level 2 in Bows
   674 | D:5      | Reached skill level 2 in Crossbows
   674 | D:5      | Reached skill level 2 in Throwing
   674 | D:5      | Reached skill level 2 in Armour
   674 | D:5      | Reached skill level 5 in Dodging
   674 | D:5      | Reached skill level 2 in Stealth
   674 | D:5      | Reached skill level 2 in Shields
   674 | D:5      | Reached skill level 2 in Evocations
   796 | D:7      | Found a transporter.
   805 | D:7      | Reached XP level 7. HP: 41/52 MP: 3/15
   819 | D:7      | Noticed a kobold demonologist
   827 | D:7      | Found a transporter.
   834 | D:7      | Noticed a kobold demonologist
   846 | D:7      | Reached skill level 7 in Unarmed Combat
   862 | D:7      | Killed a kobold demonologist
   862 | D:7      | Reached skill level 2 in Conjurations
   862 | D:7      | Reached skill level 2 in Hexes
   862 | D:7      | Reached skill level 2 in Charms
   862 | D:7      | Reached skill level 2 in Summonings
   862 | D:7      | Reached skill level 2 in Necromancy
   862 | D:7      | Reached skill level 2 in Translocations
   862 | D:7      | Reached skill level 2 in Fire Magic
   862 | D:7      | Reached skill level 2 in Ice Magic
   862 | D:7      | Reached skill level 2 in Air Magic
   862 | D:7      | Reached skill level 2 in Earth Magic
   862 | D:7      | Reached skill level 2 in Poison Magic
   862 | D:7      | Reached skill level 3 in Invocations
   877 | D:7      | Reached XP level 8. HP: 42/60 MP: 8/16
   885 | D:7      | Killed a kobold demonologist
   885 | D:7      | Reached skill level 4 in Fighting
   885 | D:7      | Reached skill level 3 in Short Blades
   885 | D:7      | Reached skill level 3 in Long Blades
   885 | D:7      | Reached skill level 3 in Axes
   885 | D:7      | Reached skill level 3 in Maces & Flails
   885 | D:7      | Reached skill level 3 in Polearms
   885 | D:7      | Reached skill level 3 in Staves
   885 | D:7      | Reached skill level 3 in Slings
   885 | D:7      | Reached skill level 3 in Bows
   885 | D:7      | Reached skill level 3 in Crossbows
   885 | D:7      | Reached skill level 3 in Throwing
   885 | D:7      | Reached skill level 3 in Armour
   885 | D:7      | Reached skill level 3 in Stealth
   885 | D:7      | Reached skill level 3 in Shields
   885 | D:7      | Reached skill level 6 in Spellcasting
   885 | D:7      | Reached skill level 3 in Evocations
  1040 | D:6      | Noticed Eustachio
  1052 | D:6      | Killed Eustachio
  1180 | D:5      | Found Ifalesh's Gadget Boutique.
  1209 | D:5      | Bought a wand of iceblast (10) for 196 gold pieces
  1307 | D:4      | Learned a level 1 spell: Apportation
  1361 | D:4      | Reached skill level 4 in Invocations
  1368 | D:4      | Reached skill level 3 in Conjurations
  1368 | D:4      | Reached skill level 3 in Hexes
  1368 | D:4      | Reached skill level 3 in Charms
  1368 | D:4      | Reached skill level 3 in Summonings
  1368 | D:4      | Reached skill level 3 in Necromancy
  1368 | D:4      | Reached skill level 3 in Translocations
  1368 | D:4      | Reached skill level 3 in Fire Magic
  1368 | D:4      | Reached skill level 3 in Ice Magic
  1368 | D:4      | Reached skill level 3 in Air Magic
  1368 | D:4      | Reached skill level 3 in Earth Magic
  1368 | D:4      | Reached skill level 3 in Poison Magic
  1370 | D:4      | Reached skill level 6 in Dodging
  1370 | D:4      | Reached XP level 9. HP: 66/66 MP: 18/18
  1493 | D:4      | Reached skill level 5 in Transmutations
  1606 | D:5      | Found a staircase to the Ecumenical Temple.
  1616 | Temple   | Entered the Ecumenical Temple
  1647 | Temple   | Became a worshipper of Cheibriados the Contemplative
  1682 | D:5      | You fall through a shaft for 2 floors!
  1761 | D:8      | Found a blossoming altar of Fedhas.
  1815 | D:8      | Gained mutation: You are resistant to hostile enchantments. (MR+) [potion of mutation]
  1815 | D:8      | Gained mutation: You are frail. (-10% HP) [potion of mutation]
  1815 | D:8      | Gained mutation: Scrolls take you a little longer to read. [potion of mutation]
  1815 | D:8      | Gained mutation: Your system is resistant to poisons. (rPois) [potion of mutation]
  1821 | D:8      | Noticed toffzen's ghost (novice TrTm)
  1859 | D:9      | Reached skill level 4 in Short Blades
  1859 | D:9      | Reached skill level 4 in Long Blades
  1859 | D:9      | Reached skill level 4 in Axes
  1859 | D:9      | Reached skill level 4 in Maces & Flails
  1859 | D:9      | Reached skill level 4 in Polearms
  1859 | D:9      | Reached skill level 4 in Staves
  1859 | D:9      | Reached skill level 4 in Slings
  1859 | D:9      | Reached skill level 4 in Bows
  1859 | D:9      | Reached skill level 4 in Crossbows
  1859 | D:9      | Reached skill level 4 in Throwing
  1859 | D:9      | Reached skill level 4 in Armour
  1859 | D:9      | Reached skill level 4 in Stealth
  1859 | D:9      | Reached skill level 4 in Shields
  1859 | D:9      | Reached skill level 4 in Evocations
  1953 | D:9      | Reached skill level 5 in Fighting
  1966 | D:9      | Reached * piety under Cheibriados
  1985 | D:9      | Found a staircase to the Orcish Mines.
  2050 | D:9      | Reached skill level 8 in Unarmed Combat
  2124 | D:9      | Reached skill level 5 in Invocations
  2206 | D:10     | Entered Level 10 of the Dungeon
  2256 | D:10     | Reached XP level 10. HP: 66/66 MP: 20/20
  2325 | D:10     | Reached skill level 7 in Spellcasting
  2325 | D:10     | Reached skill level 4 in Conjurations
  2325 | D:10     | Reached skill level 4 in Hexes
  2325 | D:10     | Reached skill level 4 in Charms
  2325 | D:10     | Reached skill level 4 in Summonings
  2325 | D:10     | Reached skill level 4 in Necromancy
  2325 | D:10     | Reached skill level 4 in Translocations
  2325 | D:10     | Reached skill level 4 in Fire Magic
  2325 | D:10     | Reached skill level 4 in Ice Magic
  2325 | D:10     | Reached skill level 4 in Air Magic
  2325 | D:10     | Reached skill level 4 in Earth Magic
  2325 | D:10     | Reached skill level 4 in Poison Magic
  2363 | D:10     | Found Sytuoval's Jewellery Emporium.
  2391 | D:10     | Reached ** piety under Cheibriados
  2392 | D:10     | Reached skill level 5 in Short Blades
  2392 | D:10     | Reached skill level 5 in Long Blades
  2392 | D:10     | Reached skill level 5 in Axes
  2392 | D:10     | Reached skill level 5 in Maces & Flails
  2392 | D:10     | Reached skill level 5 in Polearms
  2392 | D:10     | Reached skill level 5 in Staves
  2392 | D:10     | Reached skill level 5 in Slings
  2392 | D:10     | Reached skill level 5 in Bows
  2392 | D:10     | Reached skill level 5 in Crossbows
  2392 | D:10     | Reached skill level 5 in Throwing
  2392 | D:10     | Reached skill level 5 in Armour
  2392 | D:10     | Reached skill level 5 in Stealth
  2392 | D:10     | Reached skill level 5 in Shields
  2392 | D:10     | Reached skill level 5 in Evocations
  2408 | D:10     | Reached skill level 7 in Dodging
  2438 | D:10     | HP: 3/68 [porcupine (5)]
  2440 | D:10     | Slain by a porcupine

Skill      XL: |  1  2  3  4  5  6  7  8  9 10 |
---------------+-------------------------------+-----
Spellcasting   | 5 6 7 |  7.2
Invocations    | 1 2 3 4 5 |  5.6
Short Blades   | 1 2 3 4 5 |  5.1
Long Blades    | 1 2 3 4 5 |  5.1
Axes           | 1 2 3 4 5 |  5.1
Maces & Flails | 1 2 3 4 5 |  5.1
Polearms       | 1 2 3 4 5 |  5.1
Staves         | 1 2 3 4 5 |  5.1
Slings         | 1 2 3 4 5 |  5.1
Bows           | 1 2 3 4 5 |  5.1
Crossbows      | 1 2 3 4 5 |  5.1
Throwing       | 1 2 3 4 5 |  5.1
Armour         | 1 2 3 4 5 |  5.1
Stealth        | 1 2 3 4 5 |  5.1
Shields        | 1 2 3 4 5 |  5.1
Evocations     | 1 2 3 4 5 |  5.1
Conjurations   | 1 2 3 4 |  4.2
Hexes          | 1 2 3 4 |  4.2
Charms         | 1 2 3 4 |  4.2
Summonings     | 1 2 3 4 |  4.2
Necromancy     | 1 2 3 4 |  4.2
Translocations | 1 2 3 4 |  4.2
Fire Magic     | 1 2 3 4 |  4.2
Ice Magic      | 1 2 3 4 |  4.2
Air Magic      | 1 2 3 4 |  4.2
Earth Magic    | 1 2 3 4 |  4.2
Poison Magic   | 1 2 3 4 |  4.2
Fighting       | 3 4 5 |  5.8
Transmutations | 4 5 |  5.8
Dodging        | 5 6 7 |  7.0
Unarmed Combat | 7 8 |  8.4

Action                   |  1- 3 |  4- 6 |  7- 9 | 10-12 || total
-------------------------+-------+-------+-------+-------++-------
Melee: Unarmed           |    39 |    50 |   156 |    33 ||   278
       Headbutt          |     4 |       |       |       ||     4
       Kick              |     2 |       |       |       ||     2
       Bite              |     2 |     1 |     1 |       ||     4
       Punch             |     1 |       |     1 |       ||     2
       Dagger            |       |     4 |    10 |       ||    14
Throw: Tomahawk          |       |       |     5 |       ||     5
 Cast: Beastly Appendage |     8 |     1 |       |       ||     9
       Sticks to Snakes  |     3 |     7 |    10 |     7 ||    27
       Spider Form       |       |    13 |     2 |       ||    15
       Ice Form          |       |       |    19 |     2 ||    21
       Apportation       |       |       |    15 |     4 ||    19
 Abil: End Transformatio |       |       |     7 |       ||     7
Evoke: Wand              |       |       |    23 |       ||    23
  Use: Potion            |     1 |     1 |     2 |       ||     4
       Scroll            |       |     2 |     9 |       ||    11
 Stab: Distracted        |     1 |       |       |       ||     1
       Sleeping          |       |     4 |     8 |       ||    12
  Eat: Ration            |       |     1 |     2 |       ||     3
       Chunk             |       |       |     3 |     1 ||     4
Armor: Robe              |     2 |     1 |       |       ||     3
       Skin              |       |     2 |    30 |     5 ||    37
       Troll leather arm |       |       |       |     4 ||     4
Dodge: Dodged            |    16 |    37 |    80 |    31 ||   164
Block: Buckler           |       |       |     1 |       ||     1

Table legend:
 A = Turns spent in this place as a percentage of turns spent in the entire game.
 B = Non-inter-level travel turns spent in this place as a percentage of non-inter-level travel turns spent in the entire game.
 C = Inter-level travel turns spent in this place as a percentage of turns spent in this place.
 D = Turns resting spent in this place as a percentage of non-inter-level travel turns spent in this place.
 E = Turns spent auto-exploring this place as a percentage of non-inter-level travel turns spent in this place.
 F = Non-inter-level travel turns spent in this place divided by the number of levels of this place that you've seen.
                   A       B       C       D       E      F
               +-------+-------+-------+-------+-------+----------------------
         Total | 100.0 | 100.0 |   2.4 |   0.0 |   0.0 | 198.4
       Dungeon |  97.5 |  98.6 |   1.3 |   0.0 |   0.0 | 213.5
        Temple |   2.5 |   1.4 |  46.8 |   0.0 |   0.0 |  33.0
               +-------+-------+-------+-------+-------+----------------------

Table legend:
 A = Kills in this place as a percentage of kills in entire the game.
 B = Kills by you in this place as a percentage of kills by you in the entire game.
 C = Kills by friends in this place as a percentage of kills by friends in the entire game.
 D = Other kills in this place as a percentage of other kills in the entire game.
 E = Experience gained in this place as a percentage of experience gained in the entire game.
 F = Experience gained in this place divided by the number of levels of this place that you have seen.
                   A       B       C       D       E      F
               +-------+-------+-------+-------+-------+----------------------
         Total | 100.0 | 100.0 | 100.0 |   N/A | 100.0 | 540.7
       Dungeon | 100.0 | 100.0 | 100.0 |   N/A | 100.0 | 589.8
               +-------+-------+-------+-------+-------+----------------------

Vault maps used:
D:1:      scummos_arrival_hexagon
D:3:      first_ration
D:5:      minmay_temple_entry_glassed_door, serial_shops, shop
D:6:      minivault_23, uniq_duvessa, uniq_eustachio
D:7:      gammafunk_wand_slinger
D:8:      old_standard_altar, serial_shops, nicolae_shop_crystal,
          hangedman_little_slice_of_home, lemuel_old_faithful
D:9:      zombieorc1_lemuel, serial_shops, kennysheep_mini
D:10:     minmay_lair_entry_grove, serial_shops, shop, minmay_misc_feat_rows
D:11:     minmay_weird_star, uniq_psyche
Temple:   kilobyte_greek_temple
